 Dungeon Crawl Stone Soup version 0.30.0-11-gf55b779eaf (webtiles) character file.

Game seed: 1376823466619379813

1222 hawla the Magician (level 8, -5/43 HPs)
             Began as a Deep Elf Fire Elementalist on May 16, 2023.
             Was a Follower of Vehumet.
             Slain by an orc warrior
             ... wielding a +0 glaive
              (18 damage)
             ... on level 5 of the Dungeon.
             The game lasted 00:13:44 (5041 turns).

hawla the Magician (Deep Elf Fire Elementalist)     Turns: 5041, Time: 00:13:45

Health: -5/43      AC:  3    Str:  5    XL:     8   Next: 23%
Magic:  8/20       EV: 13    Int: 23    God:    Vehumet [*.....]
Gold:   355        SH:  0    Dex: 15    Spells: 11/21 levels left

rFire   . . .        i - +0 dagger (protect)
rCold   . . .        (no shield)
rNeg    . . .        a - +0 robe
rPois   .            k - +0 helmet
rElec   .            (no cloak)
rCorr   .            (no gloves)
SInv    .            (no boots)
Will    +....        q - amulet of regeneration
Stlth   +++          p - ring of flight
HPRegen 1.07/turn    (no ring)
MPRegen 0.17/turn

%: no passive effects
@: flying, very slightly contaminated
A: strong-willed 1
a: Renounce Religion


You were on level 5 of the Dungeon.
You worshipped Vehumet.
Vehumet was aware of your devotion.
You visited 1 branch of the dungeon, and saw 6 of its levels.

You collected 355 gold pieces.

Inventory:

Hand Weapons
 i - a +0 dagger of protection (weapon)
Missiles
 s - 3 atropa-tipped darts
Armour
 a - a +0 robe (worn)
 k - a +0 helmet (worn)
Jewellery
 p - a ring of flight (left hand)
 q - an amulet of regeneration (around neck)
 t - a ring of ice
Scrolls
 h - a scroll of immolation {unknown}
 j - 2 scrolls of vulnerability {unknown}
 l - 5 scrolls of identify
 r - a scroll of enchant weapon {unknown}
Potions
 b - a potion of haste
 c - a potion of cancellation
 d - a potion of might
 e - 2 potions of heal wounds
 f - a potion of brilliance {unknown}
 g - 2 potions of mutation
 m - 4 potions of lignification
 n - 2 potions of invisibility {unknown}
 o - 3 potions of curing {unknown}


   Skills:
 + Level 1.0 Fighting
 + Level 1.2 Short Blades
 + Level 3.8 Dodging
 + Level 4.7 Stealth
 + Level 7.1 Spellcasting
 + Level 5.5 Conjurations
 + Level 6.4 Fire Magic
 + Level 0.1 Ice Magic


You had 11 spell levels left.
You knew the following spells:

 Your Spells              Type           Power      Damage    Failure   Level
a - Foxfire               Conj/Fire      100%       2x1d9     1%          1
b - Scorch                Fire           74%        2d8       1%          2
c - Flame Wave            Conj/Fire      35%        2d10      6%          4
d - Hailstorm             Conj/Ice       21%        3d6       7%          3

Your spell library contained the following spells:

 Spells                   Type           Power      Damage    Failure   Level
 Sandblast                Erth           16%        2d6       8%          1
 Inner Flame              Hex/Fire       22%        N/A       6%          3
 Volatile Blastmotes      Fire/Tloc      44%        2d13      6%          3
 Cause Fear               Hex            4%         N/A       58%         4
 Ice Form                 Ice/Tmut       8%         N/A       58%         4
 Simulacrum               Ice/Necr       4%         N/A       100%        6
 Dragon Form              Tmut           4%         N/A       100%        7
 Dragon's Call            Summ           4%         N/A       100%        9


Dungeon Overview and Level Annotations

Branches:
Dungeon (6/15)
 Temple: D:4-7

Altars:
Makhleb
Okawaru
Ru
Vehumet
Xom
Jiyva

Shops:
D:4 (

Annotations:
D:5 1 runed translucent door, Crazy Yiuf


Innate Abilities, Weirdness & Mutations

You are strong-willed. (Will+)


Message History

Press: ? - help, Dir - look around, f - activate A wave of flame ripples out!
The flame wave engulfs the orc priest!
You kill the orc priest!
Vehumet accepts your kill.
You feel your power returning. (Press . to intensify the flame waves.)
You hear a shout!
The orc warrior unwields a +0 glaive.
The orc warrior wields a +0 arbalest.
The orc warrior shoots a bolt.
The bolt barely misses you.
Your Fighting skill increases to level 1!
A wave of flame ripples out!
The flame wave engulfs the orc warrior.
The orc warrior is lightly wounded.
A wave of flame ripples out!
The flame wave engulfs the orc warrior!
The orc warrior is moderately wounded.
You finish channelling waves of flame.
You hear a shout!
Casting: Flame Wave (quite dangerous; 6% risk of failure)
Confirm with . or Enter, or press ? or * to list all spells.
The spell is quite dangerous to miscast (6% risk of failure)!
Continue anyway?
Casting: Flame Wave (quite dangerous; 6% risk of failure)
Press: ? - help, Dir - look around, f - activate A wave of flame ripples out!
The flame wave engulfs the orc warrior but does no damage.
The orc warrior is moderately wounded. (Press . to intensify the flame waves.)
The orc warrior zaps a wand.
The puff of flame hits you!
A wave of flame ripples out!
The flame wave engulfs the orc warrior.
The orc warrior is heavily wounded.
The flame wave engulfs the orc!
You kill the orc!
Vehumet accepts your kill.
You feel your power returning.
The orc warrior zaps a wand.
The puff of flame hits you!
* * * LOW HITPOINT WARNING * * *
A wave of flame ripples out!
The flame wave engulfs the orc warrior.
The orc warrior is heavily wounded.
You finish channelling waves of flame.
The orc warrior unwields a +0 arbalest.
The orc warrior wields a +0 glaive.
The orc warrior hits you with a +0 glaive!!
You die...

### ###.###
#.....##### ..#
#.....#..###
.....###..........#
.....)o@.........#
.#######.##......##
#.## #.##.).....#
...# #.....)..###
###...#
#.........## ###
.#....#
#..........####..
......#
#..........#.....
......#
#.........#.......
.....##
.#....##...##.....


You could see an orc warrior.

Vanquished Creatures
  Sigmund (D:4)
  An ogre (D:5)
  A centaur (D:5)
  A kobold brigand (D:6)
  A bullfrog (D:5)
  2 scorpions
  A howler monkey (D:3)
  6 jellies (D:1)
  2 hounds (D:5)
  2 orc priests
  An iguana (D:5)
  Terence (D:2)
  3 orc wizards
  4 gnolls (D:5)
  4 adders
  A white imp (D:4)
  A worm (D:3)
  A dart slug (D:4)
  9 orcs
  13 endoplasms
  5 giant cockroaches
  9 goblins
  10 hobgoblins
  3 jackals (D:1)
  8 kobolds
  7 quokkas
  9 ball pythons
  6 bats
  4 frilled lizards
  5 rats
  2 butterflies (D:5)
124 creatures vanquished.

Vanquished Creatures (others)
  157 foxfires
157 creatures vanquished.

Grand Total: 281 creatures vanquished

Notes
Turn   | Place    | Note
-------+----------+-------------------------------------------
     0 | D:1      | hawla the Deep Elf Fire Elementalist began the quest for
                  | the Orb.
     0 | D:1      | Reached XP level 1. HP: 10/10 MP: 6/6
    52 | D:1      | Found a large runed translucent door.
    52 | D:1      | Found a large runed translucent door.
   103 | D:1      | Noticed a jelly
   103 | D:1      | Noticed a jelly
   104 | D:1      | Found a viscous altar of Jiyva.
   104 | D:1      | Noticed a jelly
   105 | D:1      | Noticed a jelly
   106 | D:1      | Noticed a jelly
   106 | D:1      | Noticed a jelly
   134 | D:1      | Reached XP level 2. HP: 15/15 MP: 2/8
   137 | D:1      | Learned a level 2 spell: Scorch
   629 | D:1      | Reached XP level 3. HP: 19/19 MP: 5/9
  1516 | D:2      | Found a faded altar of an unknown god.
  1617 | D:2      | Noticed Terence
  1626 | D:2      | Killed Terence
  1627 | D:2      | Reached XP level 4. HP: 24/24 MP: 3/11
  2001 | D:2      | Found a shimmering altar of Xom.
  2146 | D:2      | Learned a level 4 spell: Flame Wave
  2292 | D:3      | Found a burning altar of Makhleb.
  2292 | D:3      | Noticed an Executioner
  2327 | D:3      | Found a radiant altar of Vehumet.
  2439 | D:3      | Reached XP level 5. HP: 13/28 MP: 1/12
  2950 | D:3      | Became a worshipper of Vehumet
  3040 | D:3      | Found an iron altar of Okawaru.
  3311 | D:4      | Noticed Sigmund
  3320 | D:4      | Gained mutation: You are strong-willed. (Will+) [potion of
                  | mutation]
  3335 | D:4      | Killed Sigmund
  3336 | D:4      | Reached skill level 4 in Spellcasting
  3336 | D:4      | Reached XP level 6. HP: 29/32 MP: 3/14
  3600 | D:4      | Reached skill level 5 in Fire Magic
  3807 | D:4      | Reached skill level 5 in Spellcasting
  3944 | D:4      | Found Teakepoeq's Weapon Emporium.
  4091 | D:1      | Reached * piety under Vehumet
  4091 | D:1      | Offered knowledge of Sandblast by Vehumet.
  4093 | D:1      | Reached XP level 7. HP: 23/37 MP: 5/16
  4095 | D:1      | Reached skill level 5 in Conjurations
  4306 | D:5      | Entered Level 5 of the Dungeon
  4379 | D:5      | Reached skill level 6 in Spellcasting
  4381 | D:5      | Found a shimmering altar of Xom.
  4530 | D:6      | Learned a level 3 spell: Hailstorm
  4537 | D:6      | Reached skill level 1 in Short Blades
  4559 | D:5      | Reached XP level 8. HP: 15/42 MP: 2/19
  4612 | D:5      | Found a sacrificial altar of Ru.
  4790 | D:5      | Found a runed translucent door.
  4791 | D:5      | Noticed Crazy Yiuf
  4997 | D:5      | Reached skill level 7 in Spellcasting
  5037 | D:5      | Reached skill level 1 in Fighting
  5041 | D:5      | Slain by an orc warrior

Illustrated notes

Levels and vault maps discovered:
D:1:      erik_arrival_cave_to_civilisation [erik_arrival_cave_to_temple],
          layout_basic, kennysheep_pointless_box, minmay_tromino_v7
D:2:      layout_loops_ring, basic_altar, ebering_ecumenical_altar_rust,
          uniq_terence
D:3:      layout_basic, makhleb_altar_promises_db, okawaru_gym_becter,
          amcnicky_altar_gilded
D:4:      layout_rooms, serial_shops, shop, uniq_sigmund
D:5:      layout_cave_pools, xom_butterflies, mainiacjoe_overflow_alcove_1,
          lemuel_tele_altar, guppyfry_early_orc_mine, uniq_crazy_yiuf_cottage
D:6:      layout_basic, nicolae_ashenzari_skybound, temple_hall, serial_curves,
          eino_curves_02, eino_curves_01

Skill      XL: |  1  2  3  4  5  6  7  8 |
---------------+-------------------------+-----
Fire Magic     | 4 5 6 |  6.4
Stealth        | 3 4 |  4.7
Conjurations   | 3 4 5 |  5.5
Spellcasting   | 4 5 6 7 |  7.1
Dodging        | 3 |  3.8
Short Blades   | 1 |  1.2
Fighting       | 1 |  1.0
Ice Magic      | |  0.1

Action                     |  1- 3 |  4- 6 |  7- 9 || total
---------------------------+-------+-------+-------++-------
  Melee: Unarmed           |     5 |       |       ||     5
         Dagger            |    14 |    81 |    19 ||   114
   Cast: Foxfire           |    47 |    28 |    14 ||    89
         Scorch            |    15 |    31 |     9 ||    55
         Flame Wave        |       |     5 |     7 ||    12
         Hailstorm         |       |       |     5 ||     5
    Use: Potion            |     1 |     5 |     2 ||     8
         Scroll            |     3 |     1 |     3 ||     7
   Stab: Sleeping          |     1 |     6 |       ||     7
 Armour: Robe              |     7 |    27 |     8 ||    42
         Skin              |       |     2 |       ||     2
  Dodge: Dodged            |    15 |    61 |    39 ||   115
